AoeStats
← Bleedz xx

Oasis

508349047Analyzed
2v2 RM · 11d ago on Sep 22, 2026· 62m 5s· 4 players
Game mode
Random Map
Map size
Medium (4 player)
Population
200
Speed
Normal
Resources
Standard
Victory
Conquest
Starting age
Dark Age
Ending age
Imperial Age
RankedLock teamsTeams togetherTeam positionsShared explorationLock speedFull tech treeHidden civsTurbo modeCheats
Victory
Defeat
🇺🇸 Khmer · United States
1091
+15
🇺🇸 Hindustanis · United States
1079
+16
🇨🇱 Mapuche · Chile
1086
-16
🇨🇱 Cumans · Chile
1064
-15
KleinTheSamurai
2:17 Loom
12:46 Feudal Age
14:10 Wheelbarrow
13:42 Double-Bit Axe
13:39 Horse Collar
18:36 Fletching
22:45 Padded Archer Armor
29:45 Castle Age
30:37 Thumb Ring
29:53 Crossbowman
31:47 Bodkin Arrow
32:07 Leather Archer Armor
33:14 Ballistics
33:34 Capped Ram
34:55 Forging
34:45 Scale Mail Armor
34:48 Squires
34:09 Pikeman
39:10 Masonry
45:56 Imperial Age
45:01 Hand Cart
45:58 Halberdier
47:17 Iron Casting
47:43 Chain Mail Armor
47:44 Gold Mining
49:11 Gold Shaft Mining
48:22 Onager
51:25 Siege Onager
Better Call Char
2:37 Loom
10:05 Feudal Age
13:08 Champi Runner
21:04 Castle Age
23:06 Champi Warrior
24:06 Scale Mail Armor
25:12 Fletching
25:42 Fletching
33:02 Forging
35:16 Horse Collar
35:24 Double-Bit Axe
39:25 Iron Casting
39:28 Wheelbarrow
38:40 Town Watch
47:52 Pikeman
49:01 Chain Mail Armor
55:45 Bodkin Arrow
slimsadie1831
11:23 Feudal Age
15:48 Castle Age
14:48 Double-Bit Axe
14:47 Horse Collar
20:24 Loom
23:20 Wheelbarrow
24:42 Hand Cart
26:19 Scale Barding Armor
27:10 Bloodlines
27:44 Chain Barding Armor
30:31 Pikeman
35:16 Forging
39:25 Imperial Age
38:56 Iron Casting
38:29 Husbandry
39:29 Coinage
40:05 Elite Battle Elephant
41:52 Plate Barding Armor
43:10 Tusk Swords
43:59 Bow Saw
44:48 Double Crossbow
45:26 Heavy Scorpion
46:42 Ballistics
46:28 Siege Engineers
47:25 Chemistry
47:29 Conscription
48:48 Blast Furnace
51:00 Halberdier
52:15 Scale Mail Armor
52:28 Light Cavalry
53:51 Hussar
54:50 Chain Mail Armor
59:09 Fortified Wall
Bleedz xx
5:59 Loom
10:42 Feudal Age
14:04 Man-at-Arms
15:16 Arson
19:06 Castle Age
18:24 Double-Bit Axe
18:21 Horse Collar
20:39 Elite Skirmisher
24:25 Fletching
24:36 Padded Archer Armor
30:19 Leather Archer Armor
30:57 Thumb Ring
31:38 Bodkin Arrow
33:17 Bow Saw
33:11 Heavy Plow
35:25 Ballistics
35:18 Masonry
35:18 Fortified Wall
41:13 Husbandry
41:23 Bloodlines
41:32 Town Watch
42:28 Wheelbarrow
48:34 Gold Mining
50:05 Hand Cart
49:52 Town Patrol
52:30 Scale Barding Armor
52:36 Forging
55:53 Imperial Age
56:32 Chain Barding Armor
56:47 Iron Casting
57:46 Chemistry
56:52 Heavy Camel Rider
56:59 Light Cavalry
Connection lost

Rejoining the realm…

Still unreachable

The connection could not be restored.

Session expired

The server has moved on; the page needs a fresh start.